 Dungeon Crawl Stone Soup version 0.21-a0-507-ga8f6b7a (webtiles) character file.

128174 kae the Brawler (level 16, -10/167 HPs)
             Began as a Troll Monk on Nov 26, 2017.
             Was the Champion of Wu Jian.
             Mangled by a nagaraja
             ... wielding a +0 flail
              (12 damage)
             ... on level 2 of the Snake Pit on Nov 27, 2017.
             The game lasted 00:52:32 (22099 turns).

kae the Brawler (Troll Monk)                       Turns: 22099, Time: 00:52:32

Health: -10/167    AC: 10    Str: 23    XL:     16   Next: 47%
Magic:  15/15      EV: 15    Int:  1    God:    Wu Jian [******]
Gold:   2591       SH:  0    Dex: 17    Spells: 15/15 levels left

rFire    . . .     SeeInvis +     - Unarmed
rCold    . . .     Gourm    +   (no shield)
rNeg     . . .     Faith    .   y - +0 troll leather armour
rPois    +         Spirit   .   e - +2 hat
rElec    +         Reflect  .   (no cloak)
rCorr    .         Harm     .   (gloves unavailable)
MR       ++...                  (boots unavailable)
Stlth    +.........             (no amulet)
HPRegen  1.17/turn              D - ring of protection from magic
MPRegen  0.14/turn              W - ring "Qijoluw" {rElec rPois Int-5 Slay+2 SInv}

@: lethally poisoned (-10 -> -34), glowing, constricted, heavenly storm
A: large, unfitting armour, claws 3, fast metabolism 3, gourmand, regeneration
1, shaggy fur 1, tough skin 2
a: Serpent's Lash, Heavenly Storm, Renounce Religion


You were on level 2 of the Snake Pit.
You worshipped Wu Jian.
Wu Jian was exalted by your worship.
You were not hungry.

You visited 5 branches of the dungeon, and saw 24 of its levels.
You also visited: Labyrinth.

You collected 3150 gold pieces.
You spent 559 gold pieces at shops.

Inventory:

Armour
 e - a +2 hat (worn)
 y - a +0 troll leather armour (worn)
Jewellery
 a - an uncursed ring of protection from magic
 i - an uncursed ring of protection from cold
 q - a +4 ring of strength {unknown}
 z - an uncursed ring of protection from fire
 A - an uncursed ring of resist corrosion
 D - a ring of protection from magic (left claw)
 W - the ring "Qijoluw" (right claw) {rElec rPois Int-5 Slay+2 SInv}
   (You bought it in a shop on level 1 of the Orcish Mines)

   [ring of see invisible]

   It affects your intelligence (-5).
   It affects your accuracy and damage with ranged weapons and melee attacks
   (+2).
   It insulates you from electricity.
   It protects you from poison.
   It lets you see invisible.
Wands
 k - a wand of digging (22)
 x - a wand of clouds (4)
 C - a wand of random effects (62)
 H - a wand of flame (72)
 M - a wand of polymorph (31)
 O - a wand of acid (20)
 S - a wand of scattershot (2)
 U - a wand of iceblast (27)
Scrolls
 g - 8 scrolls of identify
 h - 7 scrolls of teleportation
 j - 5 scrolls of magic mapping
 m - 9 scrolls of remove curse
 s - a scroll of fear
 B - 5 scrolls of amnesia
 I - 2 scrolls of blinking
 L - a scroll of enchant armour
 Q - 3 scrolls of enchant weapon
 R - a scroll of summoning
 X - 2 scrolls of fog
Potions
 c - 2 potions of flight
 f - 5 potions of curing
 n - a potion of magic
 o - a potion of resistance
 p - a potion of heal wounds
 w - 2 potions of brilliance
 P - 3 potions of might
Comestibles
 b - 18 bread rations
 d - 14 meat rations
 l - 12 royal jellies
 v - 11 fruits


   Skills:
 + Level 12.4 Fighting
 - Level 5.6 Armour
 + Level 12.4 Dodging
 - Level 1.0 Stealth
 * Level 19.2 Unarmed Combat


You had 15 spell levels left.
You didn't know any spells.

Dungeon Overview and Level Annotations

Branches:
Dungeon (13/15)            Temple (1/1) D:5            Lair (6/6) D:11
  Swamp (0/4) Lair:4        Snake (2/4) Lair:4        Slime (0/5) Lair:6
    Orc (2/2) D:9             Elf (0/3) Orc:2        Vaults (0/5) D:13

Altars:
Ashenzari
Cheibriados
Dithmenos
Elyvilon
Fedhas
Gozag
Hepliaklqana
Kikubaaqudgha
Makhleb
Nemelex Xobeh
Okawaru
Qazlal
Ru
Sif Muna
Trog
Uskayaw
Vehumet
Wu Jian
Xom
Yredelemnul
Zin
The Shining One
Beogh

Shops:
D:8 }   D:12 [   Orc:1 =   Orc:2 *:[(


Innate Abilities, Weirdness & Mutations

You are too large for most types of armour.
You have claws for hands.
Your metabolism is lightning-fast.
You like to eat raw meat.
Your natural rate of healing is unusually fast.
You are covered in fur. (AC +1)
You have very tough skin. (AC +2)


Message History

The nagaraja's grasp on you weakens, but your attempt to escape fails.
You feel very sick.
You hear a shout!
The black mamba closely misses you. The black mamba bites you!
* * * LOW HITPOINT WARNING * * *
The nagaraja points at you and mumbles some strange words.
You easily resist.
* * * LOW HITPOINT WARNING * * *
The nagaraja constricts you. The black mamba bites you!
* * * LOW HITPOINT WARNING * * *
The black mamba closely misses you.
The nagaraja's grasp on you weakens, but your attempt to escape fails.
* * * LOW HITPOINT WARNING * * *
You feel very sick. The black mamba bites you!
* * * LOW HITPOINT WARNING * * *
The black mamba bites you!
* * * LOW HITPOINT WARNING * * *
The nagaraja hits you with a flail!
You die...

###### ######....#######
##................
##.................
#..................
##....(.............
#§§§§§.......(((....
##§§§§#######.)(((.(#
##§§S@## #...(((<# ##.§§NS##
#....(.(# ##..§§NNN#
##...(.## #....((..##
#.....#
###.....N...#######[..[[##
#.........................
#....#...((.........(..[...
#....##..(†(.N..............
# ....#
##..(.................


You could see a nagaraja, 3 naga sharpshooters and 2 black mambas.

Vanquished Creatures
  Nikola (Snake:1)
  A nagaraja (Snake:2)
  An orc warlord (Orc:2)
  Louise (Snake:1)
  Azrael (D:12)
  Nessos (Lair:4)
  Snorg (D:10)
  A minotaur (Lab)
  An ettin (Orc:1)
  Harold (Orc:1)
  A vault guard (D:13)
  4 naga warriors
  A catoblepas (Lair:6)
  5 two-headed ogres
  2 centaur warriors (D:13)
  14 anacondas
  Urug (Lair:5)
  6 orc high priests
  6 naga sharpshooters
  A deep troll shaman (Lair:6)
  10 death yaks (Lair:6)
  2 shock serpents
  A skeletal warrior (D:13)
  An unseen horror (D:13)
  5 naga ritualists
  A lindwurm (Lair:6)
  3 orc knights (Orc:2)
  4 mana vipers
  2 ugly things (D:12)
  2 manticores
  4 orc sorcerers (Orc:2)
  A salamander (Snake:2)
  3 cyclopes
  15 black mambas
  13 elephants
  4 naga magi
  9 spiny frogs
  A gargoyle (D:9)
  7 komodo dragons
  2 centaur skeletons (D:13)
  A freezing wraith (D:9)
  2 polar bears
  15 trolls
  9 slime creatures (D:13)
  Prince Ribbit (Lair:1)
  14 blink frogs
  A meliai zombie (D:12)
  18 dream sheep (Lair:6)
  4 hippogriffs
  A wraith (D:13)
  A tarantella (shapeshifter) (D:9)
  3 hogs (D:9)
  A shadow (D:12)
  A basilisk (Lair:6)
  30 yaks
  3 fire elementals (D:12)
  2 wyverns (Lair:6)
  3 water elementals (D:12)
  A human (D:9)
  Grum (D:7)
  A hungry ghost (D:7)
  A steam dragon (D:11)
  17 nagas
  The ghost of Typee the Sneak, an amateur OpFE of Kikubaaqudgha (D:3)
  2 wargs
  An acid dragon (D:9)
  5 porcupines
  3 hell hounds (D:12)
  22 water moccasins
  A meliai simulacrum (D:13)
  7 sky beasts
  26 orc warriors
  2 ice beasts
  2 necrophages
  A black bear (Lair:6)
  3 phantoms (D:9)
  12 ogres
  23 wolves
  8 centaurs
  8 crocodiles
  4 big kobolds
  20 bullfrogs
  A wyvern zombie (D:13)
  A water moccasin zombie (D:9)
  4 scorpions
  15 killer bees
  3 wights (D:11)
  10 howler monkeys
  6 electric eels
  4 crimson imps
  2 centaur zombies
  2 bullfrog zombies
  3 quasits
  4 hounds
  4 bullfrog skeletons
  12 jellies
  15 orc priests
  16 orc wizards
  2 iguanas
  6 worker ants
  A bullfrog simulacrum (D:13)
  2 hound skeletons (D:4)
  A worker ant zombie (D:5)
  6 gnolls (D:3)
  13 adders
  3 shadow imps
  4 oozes
  An adder skeleton (D:5)
  2 worms
  A dart slug (D:1)
  5 leopard geckos
  77 orcs
  2 ball pythons
  4 giant cockroaches
  31 goblins
  31 hobgoblins
  7 jackals
  7 bats
  2 frilled lizards
  A jackal zombie (D:5)
  13 kobolds
  A quokka zombie (D:9)
  2 rats
  6 plants
756 creatures vanquished.

Vanquished Creatures (others)
  A water elemental (D:12)
  An electric eel (D:12)
  An orc wizard (Orc:1)
  An orc (Orc:1)
  12 fungi
  17 plants
33 creatures vanquished.

Grand Total: 789 creatures vanquished

Notes
Turn   | Place    | Note
-------+----------+-------------------------------------------
     0 | D:1      | kae the Troll Monk began the quest for the Orb.
     0 | D:1      | Reached XP level 1. HP: 22/22 MP: 0/0
   103 | D:1      | Reached XP level 2. HP: 29/29 MP: 1/1
   703 | D:2      | Reached XP level 3. HP: 20/36 MP: 2/2
  1098 | D:2      | Found a blossoming altar of Fedhas.
  1248 | D:3      | Reached skill level 4 in Unarmed Combat
  1256 | D:3      | Reached XP level 4. HP: 31/44 MP: 3/3
  1339 | D:3      | Noticed Typee's ghost (amateur OpFE)
  1540 | D:3      | Noticed a big kobold
  1547 | D:3      | Noticed a big kobold
  1552 | D:3      | Killed a big kobold
  1552 | D:3      | Reached XP level 5. HP: 51/53 MP: 4/4
  1558 | D:3      | Reached skill level 5 in Unarmed Combat
  1558 | D:3      | Reached XP level 6. HP: 61/61 MP: 5/5
  2063 | D:3      | Killed Typee's ghost
  2416 | D:4      | Reached skill level 6 in Unarmed Combat
  2416 | D:4      | Reached XP level 7. HP: 33/68 MP: 6/6
  3290 | D:5      | Entered Level 5 of the Dungeon
  3302 | D:5      | Reached skill level 7 in Unarmed Combat
  3433 | D:5      | Reached XP level 8. HP: 64/79 MP: 7/7
  3540 | D:5      | Found a staircase to the Ecumenical Temple.
  4009 | D:5      | Reached skill level 8 in Unarmed Combat
  4070 | D:5      | Found a sacrificial altar of Ru.
  4145 | Temple   | Entered the Ecumenical Temple
  4152 | Temple   | Became a worshipper of the Wu Jian Council
  4152 | Temple   | Reached * piety under Wu Jian
  4152 | Temple   | Reached ** piety under Wu Jian
  4337 | D:6      | Reached skill level 5 in Fighting
  4337 | D:6      | Reached skill level 5 in Dodging
  4619 | D:6      | Reached XP level 9. HP: 76/88 MP: 8/8
  4639 | D:6      | Reached skill level 9 in Unarmed Combat
  5927 | D:8      | Noticed Grum
  6013 | D:7      | Killed Grum
  6013 | D:7      | Reached skill level 10 in Unarmed Combat
  6079 | D:8      | Found Iqykyge's Gadget Boutique.
  6101 | D:8      | Found a shattered altar of Ashenzari.
  6169 | D:8      | Reached *** piety under Wu Jian
  6508 | D:8      | Noticed a two-headed ogre
  6535 | D:8      | Killed a two-headed ogre
  6535 | D:8      | Reached XP level 10. HP: 89/100 MP: 9/9
  6636 | D:8      | Found a bloodstained altar of Trog.
  6766 | D:9      | Noticed a spiny frog
  6766 | D:9      | Reached skill level 11 in Unarmed Combat
  6775 | D:9      | a spiny frog changed into a tarantella
  6849 | D:9      | Noticed a gargoyle
  6959 | D:9      | Found a white marble altar of Elyvilon.
  7163 | D:9      | Noticed a two-headed ogre
  7171 | D:9      | Killed a two-headed ogre
  7241 | D:9      | Noticed a two-headed ogre
  7252 | D:9      | Killed a two-headed ogre
  7252 | D:9      | Reached skill level 12 in Unarmed Combat
  7456 | D:9      | Killed a gargoyle
  7456 | D:9      | Reached XP level 11. HP: 54/109 MP: 10/10
  7729 | D:9      | Found a staircase to the Orcish Mines.
  7785 | D:9      | Reached **** piety under Wu Jian
  7964 | D:10     | Entered Level 10 of the Dungeon
  8042 | D:10     | Noticed Snorg
  8060 | D:10     | Killed Snorg
  8554 | D:10     | Reached skill level 13 in Unarmed Combat
  8964 | D:11     | Reached ***** piety under Wu Jian
  9152 | D:11     | Found a staircase to the Lair.
  9739 | D:12     | Found Raluby's Antique Armour Shoppe.
  9782 | D:12     | Noticed a five-headed hydra
  9782 | D:12     | Noticed a green ugly thing
  9798 | D:12     | Killed a green ugly thing
 10052 | D:12     | Noticed a red ugly thing
 10072 | D:12     | Reached XP level 12. HP: 98/121 MP: 11/11
 10265 | D:12     | Noticed Azrael
 10303 | D:12     | Killed Azrael
 10303 | D:12     | Reached skill level 14 in Unarmed Combat
 10593 | D:13     | Noticed a centaur warrior
 10695 | D:13     | Killed a centaur warrior
 10788 | D:13     | Noticed a centaur warrior
 10792 | D:13     | Killed a centaur warrior
 10959 | D:13     | Noticed a two-headed ogre
 10968 | D:13     | Killed a two-headed ogre
 11241 | D:13     | Found a shadowy altar of Dithmenos.
 11261 | D:13     | Reached skill level 15 in Unarmed Combat
 11877 | D:13     | Noticed a vault guard
 11897 | D:13     | Killed a vault guard
 11897 | D:13     | Reached XP level 13. HP: 105/132 MP: 12/12
 11989 | D:13     | Found a gate to the Vaults.
 12057 | Lair:1   | Entered Level 1 of the Lair of Beasts
 12058 | Lair:1   | Noticed Prince Ribbit
 12073 | Lair:1   | Killed Prince Ribbit
 12634 | Lair:2   | Reached skill level 5 in Armour
 12634 | Lair:2   | Reached XP level 14. HP: 140/140 MP: 13/13
 12652 | Lair:2   | Found a labyrinth entrance.
 12678 | Lab      | Entered a labyrinth
 12988 | Lab      | Reached skill level 10 in Fighting
 12988 | Lab      | Reached skill level 10 in Dodging
 13505 | Lair:3   | Reached ****** piety under Wu Jian
 13776 | Lair:3   | Reached skill level 16 in Unarmed Combat
 14179 | Lair:4   | Noticed Nessos
 14189 | Lair:4   | Killed Nessos
 14318 | Lair:4   | Found a staircase to the Swamp.
 14477 | Lair:4   | Found a staircase to the Snake Pit.
 14961 | Lair:5   | Noticed Urug
 14974 | Lair:5   | Killed Urug
 15343 | Lair:5   | Found a dark tunnel.
 15661 | Lair:6   | Entered Level 6 of the Lair of Beasts
 15944 | Lair:6   | Found a staircase to the Slime Pits.
 16136 | Lair:6   | Reached skill level 17 in Unarmed Combat
 16143 | Lair:6   | Reached XP level 15. HP: 109/152 MP: 14/14
 17198 | Orc:1    | Entered Level 1 of the Orcish Mines
 17198 | Orc:1    | Found Buhin's Jewellery Emporium.
 17566 | Orc:1    | Found a roughly hewn altar of Beogh.
 17762 | Orc:1    | Noticed Harold
 17782 | Orc:1    | Killed Harold
 18038 | Orc:2    | Entered Level 2 of the Orcish Mines
 18038 | Orc:2    | Found a staircase to the Elven Halls.
 18507 | Orc:2    | Found Omneurr's General Store.
 18512 | Orc:2    | Noticed an orc warlord
 18538 | Orc:2    | Killed an orc warlord
 18758 | Orc:2    | Found Riohor's Book Shoppe.
 18784 | Orc:2    | Reached skill level 18 in Unarmed Combat
 18801 | Orc:2    | Found Ryjafer's Antique Weapon Boutique.
 19208 | Orc:2    | Found Seguiq's Antique Armour Boutique.
 19445 | D:9      | Upgraded the game from 0.21-a0-504-g2eda330 to 0.21-a0-507-ga8f6b7a
 19450 | Orc:1    | Bought the ring "Qijoluw" {rElec rPois Int-5 Slay+2 SInv} for 559 gold pieces
 19585 | Snake:1  | Entered Level 1 of the Snake Pit
 19749 | Snake:1  | HP: 6/156 [anaconda (4)]
 19979 | Snake:1  | Noticed Louise
 19984 | Snake:1  | Killed Louise
 20375 | Snake:1  | Noticed Nikola
 20384 | Snake:1  | Reached XP level 16. HP: 47/165 MP: 1/15
 20853 | Snake:1  | Killed Nikola
 21389 | Snake:2  | Reached skill level 19 in Unarmed Combat
 22099 | Snake:2  | HP: 2/167 [black mamba (12)]
 22099 | Snake:2  | Mangled by a nagaraja

Vault maps used:
D:1:      dpeg_arrival_rooms_b, serial_bayou_lake_a
D:2:      marbit_many_paths
D:3:      minmay_goblin_kobold_castle
D:4:      first_bread, grunt_ministairs_7
D:5:      nicolae_ru_the_path_less_chosen, minmay_temple_entry_hall
D:6:      glass_columns_b
D:8:      ashenzari_conservatory_becter, lemuel_coloured_pillars_altar,
          serial_shops, shop, uniq_grum
D:9:      hangedman_cross_cluster, grunt_livestock, minmay_crystal_water
D:10:     uniq_snorg
D:11:     lair_entry_dummy
D:12:     serial_shops, nicolae_shop_overgrown_old_shop, serial_bayou,
          serial_bayou_shore_a, serial_bayou_lagoon_b, serial_bayou_lagoon_a,
          serial_bayou_shore_b, uniq_azrael
D:13:     david_vaults_5, roderic_lattice_a, statue_in_the_mist_lemuel,
          hangedman_weighted_door, nicolae_dithmenos_the_darkroom
Temple:   nicolae_temple_no_exploring_needed
Lair:1:   minmay_holes, uniq_prince_ribbit2
Lair:2:   lab_entry_generic
Lair:4:   swamp_mist_pool, minmay_snake_entry_guardpost_medium,
          lemuel_fruit_fields, uniq_nessos
Lair:5:   nicolae_volcano_entry_lava_flow, grunt_megastairs_1, uniq_urug
Lair:6:   grunt_lair_end_beastmaster, minmay_slime_entry_jelly_boxes,
          portal_ice_cave_entry_pillars_2, grunt_megastairs_4
Snake:1:  minmay_snake_river, spider_trap, uniq_louise, uniq_nikola
Snake:2:  grunt_ministairs_4, st_stairs_6, uniq_aizul, uniq_vashnia
Orc:1:    serial_shops, shop, nicolae_orc_damp_corner, minmay_orc_temple_c,
          uniq_harold
Orc:2:    grunt_orc_gardens, grunt_orc_garden, grunt_orc_garden,
          grunt_orc_garden, grunt_orc_garden
Lab:      labyrinth_spiral, nicolae_lab_hexagon, labyrinth_fake_exit,
          nicolae_lab_flowing_pool, nicolae_lab_arrow, labyrinth_glass_1,
          labyrinth_skeletal_remains

Skill      XL: |  1  2  3  4  5  6  7  8  9 10 11 12 13 14 15 16 |
---------------+-------------------------------------------------+-----
Unarmed Combat | 4 5 6 7 8 10 12 13 15 17 18 19 | 19.2
Dodging        | 3 4 5 6 7 8 9 10 11 12 | 12.4
Fighting       | 3 4 5 6 7 8 9 11 12 | 12.4
Armour         | 5 |  5.6
Stealth        | |  1.0

Action                   |  1- 3 |  4- 6 |  7- 9 | 10-12 | 13-15 | 16-18 || total
-------------------------+-------+-------+-------+-------+-------+-------++-------
Melee: Unarmed           |    99 |   156 |   374 |   724 |  1061 |   201 ||  2615
       Punch             |     1 |     4 |    13 |    61 |   101 |    33 ||   213
Invok: Serpent's Lash    |       |       |       |     2 |     3 |       ||     5
       Heavenly Storm    |       |       |       |       |     1 |     1 ||     2
Evoke: Wand              |       |       |       |     9 |     2 |       ||    11
  Use: Scroll            |     8 |     2 |     4 |     9 |    12 |     1 ||    36
       Potion            |     4 |     3 |       |     3 |     5 |     1 ||    16
 Stab: Sleeping          |     1 |       |     1 |     2 |     6 |       ||    10
       Distracted        |       |     2 |       |     2 |     1 |       ||     5
  Eat: Chunk             |    16 |     9 |    38 |    50 |    75 |    19 ||   207
Armor: Robe              |    30 |    26 |    75 |    24 |       |       ||   155
       Skin              |    34 |   134 |       |     8 |       |       ||   176
       Troll leather arm |       |       |       |   141 |   122 |    20 ||   283
Dodge: Dodged            |    44 |    63 |   148 |   362 |   479 |   120 ||  1216

Table legend:
 A = Spawn XP
 B = Non-spawn XP
 C = Spawn XP percentage of total XP
 D = Spawn monster count
 E = Non-spawn monster count
 F = Spawn count percentage of total count
 G = Total turns spent on level
                    A         B        C        D         E        F      G
               +---------+---------+-------+---------+---------+-------+---------
         Total |       0 |  155267 |   0.0 |       0 |     750 |   0.0 | 22099
               +---------+---------+-------+---------+---------+-------+---------
           D:1 |       0 |      27 |   0.0 |       0 |      15 |   0.0 |   650
           D:2 |       0 |      37 |   0.0 |       0 |      16 |   0.0 |   497
           D:3 |       0 |     613 |   0.0 |       0 |      71 |   0.0 |  1244
           D:4 |       0 |     429 |   0.0 |       0 |      25 |   0.0 |   899
           D:5 |       0 |     882 |   0.0 |       0 |      22 |   0.0 |   913
           D:6 |       0 |    1121 |   0.0 |       0 |      17 |   0.0 |   714
           D:7 |       0 |    1223 |   0.0 |       0 |      18 |   0.0 |  1115
           D:8 |       0 |    1875 |   0.0 |       0 |      24 |   0.0 |   632
           D:9 |       0 |    6256 |   0.0 |       0 |      44 |   0.0 |  1309
          D:10 |       0 |    4173 |   0.0 |       0 |      41 |   0.0 |   956
          D:11 |       0 |    3384 |   0.0 |       0 |      44 |   0.0 |   886
          D:12 |       0 |    6368 |   0.0 |       0 |      32 |   0.0 |   982
          D:13 |       0 |   12277 |   0.0 |       0 |      40 |   0.0 |  1360
        Lair:1 |       0 |    2473 |   0.0 |       0 |      13 |   0.0 |   594
        Lair:2 |       0 |    4159 |   0.0 |       0 |      22 |   0.0 |   594
        Lair:3 |       0 |    5090 |   0.0 |       0 |      19 |   0.0 |   591
        Lair:4 |       0 |    5099 |   0.0 |       0 |      17 |   0.0 |  1043
        Lair:5 |       0 |    4727 |   0.0 |       0 |      20 |   0.0 |   803
        Lair:6 |       0 |   26432 |   0.0 |       0 |      83 |   0.0 |  1397
       Snake:1 |       0 |   24830 |   0.0 |       0 |      45 |   0.0 |  1697
       Snake:2 |       0 |   22185 |   0.0 |       0 |      34 |   0.0 |   627
         Orc:1 |       0 |    6885 |   0.0 |       0 |      49 |   0.0 |  1260
         Orc:2 |       0 |   13617 |   0.0 |       0 |      38 |   0.0 |   998
           Lab |       0 |    1105 |   0.0 |       0 |       1 |   0.0 |   323
               +---------+---------+-------+---------+---------+-------+---------
